 Dungeon Crawl Stone Soup version 0.18.1-48-g4cf74bf (webtiles) character file.

95 Laphicet the Ruffian (level 4, 0/39 HPs)
             Began as a Naga Transmuter on Sept 7, 2016.
             Slain by a giant gecko (3 damage)
             ... on level 2 of the Dungeon.
             The game lasted 00:03:48 (1846 turns).

Laphicet the Ruffian (Naga Transmuter)              Turns: 1846, Time: 00:03:48

Health: 0/39       AC:  5    Str: 13    XL:     4   Next: 66%
Magic:  7/7        EV: 10    Int: 14    God:
Gold:   67         SH:  0    Dex: 11    Spells: 2 memorised, 4 levels left

rFire  . . .     SeeInvis +       - Unarmed
rCold  . . .     Gourm    .     b - +0 robe
rNeg   . . .     Faith    .     (no shield)
rPois  +         Spirit   .     (no helmet)
rElec  .         Dismiss  .     (no cloak)
rCorr  .         Reflect  .     e - +2 pair of gloves
SustAt .         Harm     .     (no barding)
MR     .....                    (no amulet)
Stlth  ++........               (no ring)
                                h - ring of stealth

@: lethally poisoned (0 -> -3), about to teleport, flying, very slow, not
resistant to hostile enchantments, unstealthy
A: see invisible, deformed body, poison resistance, slowness 2, slow metabolism
1, spit poison 2, AC +1
a: Spit Poison


You were on level 2 of the Dungeon.
You were not hungry.

You visited 1 branch of the dungeon, and saw 2 of its levels.

You collected 67 gold pieces.

Inventory:

Hand Weapons
 n - a +1 dagger of venom
Missiles
 a - 53 arrows
Armour
 b - a +0 robe (worn)
 e - a +2 pair of gloves (worn)
Jewellery
 h - a ring of stealth (left hand)
Potions
 j - a potion of flight
Books
 c - a book of Changes

   Spells                             Type                      Level
   a - Beastly Appendage              Transmutation                1
   b - Sticks to Snakes               Transmutation                2
   c - Spider Form                    Transmutation/Poison         3
   d - Ice Form                       Ice/Transmutation            4
   e - Blade Hands                    Transmutation                5
Comestibles
 d - 3 bread rations
 g - a beef jerky
 i - 2 meat rations
 m - 5 chunks of flesh


   Skills:
 + Level 2.0 Fighting
 + Level 2.4 Dodging
 + Level 3.2 Unarmed Combat
 + Level 2.5 Spellcasting
 + Level 2.6 Transmutations
 + Level 0.6 Poison Magic


You had 4 spell levels left.
You knew the following spells:

 Your Spells              Type           Power        Failure   Level  Hunger
a - Beastly Appendage     Trmt           #.....       10%         1    #......
s - Spider Form           Trmt/Pois      #.........   38%         3    ###....


Dungeon Overview and Level Annotations

Branches:
Dungeon (2/15)

Altars:


Innate Abilities, Weirdness & Mutations

You cannot wear boots.
Your serpentine skin is tough (AC +1).
You have supernaturally acute eyesight.
Armour fits poorly on your strangely shaped body.
Your system is resistant to poisons.
You cover ground very slowly.
You have a slow metabolism.
You can spit poison.


Message History

The giant gecko misses you.
You closely miss the giant gecko.
You feel sick. The giant gecko bites you.
* * * LOW HITPOINT WARNING * * *
You miss the giant gecko. The giant gecko bites you.
* * * LOW HITPOINT WARNING * * *
Drink which item? (? for menu, Esc to quit)
Okay, then.
Read which item? (? for menu, Esc to quit)
As you read the scroll labeled MAZARINUM, it crumbles to dust.
You feel strangely unstable.
It was a scroll of teleportation.
* * * LOW HITPOINT WARNING * * *
You feel sick. The giant gecko closely misses you.
Unknown command.
Read which item? (? for menu, Esc to quit)
As you read the scroll labeled JABOZX XEIWUKU, it crumbles to dust.
It is a scroll of enchant weapon.
Enchant which weapon? (? for menu, Esc to quit)
Your dagger of venom glows red for a moment.
The giant gecko bites you.
You die...

#....# #....# #...#
##+#...####. #...........
#........... #.)..†.....[
########..l@†......
#...........†...... ######
#[......#+######### #.....
#.......# #.#.##
+.......++#########+###.#...
#....................##.####
#....................##.# #
########.............##.####
#............>##.....


You could see a giant gecko.

Vanquished Creatures
  7 adders
  A worm (D:2)
  2 dart slugs (D:1)
  4 goblins
  3 hobgoblins
  A quokka (D:2)
  2 bats (D:1)
  3 giant newts (D:1)
  2 kobolds (D:2)
  7 rats
32 creatures vanquished.

Notes
Turn   | Place    | Note
--------------------------------------------------------------
     0 | D:1      | Laphicet the Naga Transmuter began the quest for the Orb.
     0 | D:1      | Reached XP level 1. HP: 18/18 MP: 3/3
   176 | D:1      | Reached XP level 2. HP: 14/25 MP: 5/5
   848 | D:1      | Reached XP level 3. HP: 19/31 MP: 6/6
  1691 | D:2      | Reached XP level 4. HP: 38/39 MP: 7/7
  1733 | D:2      | Learned a level 3 spell: Spider Form
  1846 | D:2      | Slain by a giant gecko

Skill      XL: |  1  2  3 |
---------------+----------+-----
Dodging        | 2 |  2.4
Fighting       | 2 |  2.0
Unarmed Combat | |  3.2
Spellcasting   | |  2.5
Transmutations | |  2.6
Poison Magic   | |  0.6

Action                   |  1- 3 |  4- 6 || total
-------------------------+-------+-------++-------
Melee: Unarmed           |    85 |    41 ||   126
       Punch             |       |     1 ||     1
 Abil: Spit Poison       |     3 |     3 ||     6
  Use: Scroll            |       |     2 ||     2
       Potion            |       |     2 ||     2
 Stab: Sleeping          |     2 |       ||     2
  Eat: Chunk             |     1 |     1 ||     2
Armor: Robe              |    22 |    24 ||    46
Dodge: Dodged            |    41 |    42 ||    83
